Map: Paladino Terminal LE

Players

HaPe - Winner!

  • Race: Protoss Protoss
  • Spawn Location: 9:00

WhiteWolf

  • Race: Terran Terran
  • Spawn Location: 5:00

Event: IEM XI Katowice - World Championship 2017

VOD

Have the link to the VOD?

Description

Time

  • Played on: Feb. 28, 2017, 8:23 a.m.
  • Length: 6:20

All games in this series

Show
View Real Time Build Order
Export as new Build Order

HaPe Protoss - Winner!

Build Orders: Oracle Opening 

Get SALT Encoding   

  12  0:00  Probe (Chrono Boost)  
  13  0:12  Probe (Chrono Boost)  
  14  0:20  Pylon  
  14  0:23  Probe (Chrono Boost)  
  15  0:38  Probe (Chrono Boost)  
  15  0:40  Assimilator  
  16  0:45  Gateway  
  16  0:49  Probe (Chrono Boost)  
  17  0:58  Assimilator  
  17  0:59  Probe (Chrono Boost)  
  18  1:10  Probe (Chrono Boost)  
  19  1:21  Probe (Chrono Boost)  
  20  1:29  Assimilator  
  20  1:36  Cybernetics Core  
  20  1:44  Pylon  
  20  1:49  Zealot, Probe (Chrono Boost)  
  23  2:05  Probe (Chrono Boost)  
  24  2:13  Adept  
  24  2:18  Mothership Core (Chrono Boost)  
  28  2:33  Stargate  
  29  2:38  Probe (Chrono Boost)  
  29  2:54  Warp Gate, Pylon x2  
  29  2:55  Probe (Chrono Boost)  
  30  3:01  Pylon  
  30  3:18  Adept  
  32  3:30  Probe (Chrono Boost)  
  33  3:39  Oracle, Pylon  
  33  3:46  Robotics Facility  
  34  3:55  Probe (Chrono Boost)  
  35  3:56  Gateway  
  33  4:04  Adept  
  35  4:36  Observer  
  36  4:43  Nexus  
  36  4:53  Gateway  
  36  5:00  Stalker  
  36  5:01  Stalker  
  36  5:06  Gateway  
  40  5:23  Stalker  
  40  5:24  Stalker  
  44  5:47  Adept x2  
  46  6:08  Probe (Chrono Boost)  
  46  6:09  Stalker x2  
Show
View Real Time Build Order
Export as new Build Order

WhiteWolf Terran 

Build Orders:  

Get SALT Encoding   

  12  0:00  SCV  
  13  0:12  SCV  
  14  0:18  Supply Depot  
  14  0:25  SCV  
  15  0:40  SCV, Barracks  
  16  0:45  Refinery  
  16  0:53  SCV  
  17  1:05  SCV  
  18  1:17  SCV  
  19  1:29  Reaper  
  20  1:44  Barracks  
  20  1:45  Orbital Command  
  20  1:46  Barracks  
  20  2:11  Supply Depot  
  20  2:12  Barracks Reactor  
  20  2:13  Engineering Bay  
  20  2:29  SCV  
  21  2:33  Barracks Tech Lab, Barracks Reactor  
  21  2:41  SCV  
  22  2:53  Marine x2, Missile Turret  
  22  2:54  Marine  
  25  3:12  Factory  
  25  3:17  Marine x4  
  29  3:25  Bunker  
  26  3:59  Supply Depot  
  25  4:29  Marine x2, SCV  
  25  4:30  Supply Depot  
  27  4:40  Factory Reactor  
  27  4:41  Starport  
  27  4:42  SCV  
  28  4:49  Supply Depot  
  28  4:54  SCV  
  28  4:56  Marine x3  
  28  4:57  Marine  
  33  5:11  Refinery  
  31  5:21  Marine  
  31  5:22  Marine, Medivac  
  31  5:23  Widow Mine  

Tags
 
Add a new tag
Caveats
  • Supply blocks, unpowered buildings, or Contaminate may cause inaccurate times.
  • Supply counts are checked every 10 seconds.